 Dungeon Crawl Stone Soup version 0.26-a0-712-ga5a9c9c9d0 (webtiles) character file.

Game seed: 8066341954607393215

73 kae the Ruffian (level 4, -3/38 HPs)
             Began as a Naga Transmuter on Nov 3, 2020.
             Slain by a gnoll (7 damage)
             ... on level 2 of the Dungeon.
             The game lasted 00:01:14 (2129 turns).

kae the Ruffian (Naga Transmuter)                   Turns: 2129, Time: 00:01:14

Health: -3/38      AC:  2    Str: 14    XL:     4   Next: 27%
Magic:  4/7        EV: 10    Int: 13    God:
Gold:   54         SH:  0    Dex: 11    Spells: 3/7 levels left

rFire    . . .     SeeInvis +     - Unarmed
rCold    . . .     Faith    .   (no shield)
rNeg     . . .     Spirit   .   a - +0 robe
rPois    +         Reflect  .   (no helmet)
rElec    .         Harm     .   (no cloak)
rCorr    .         Rampage  .   (no gloves)
MR       .....                  (no barding)
Stlth    +.........             (no amulet)
HPRegen  0.12/turn              (no ring)
MPRegen  0.10/turn              (no ring)

@: very slow
A: large, see invisible, deformed body, poison resistance, slowness 2, spit
poison 1, AC +1
a: Spit Poison


You were on level 2 of the Dungeon.
You visited 1 branch of the dungeon, and saw 2 of its levels.

You collected 54 gold pieces.

Inventory:

Armour
 a - a +0 robe (worn)
 i - a +0 helmet
Scrolls
 b - 2 scrolls of enchant weapon {unknown}
 c - 2 scrolls of immolation {unknown}
 e - 3 scrolls of remove curse {unknown}
 f - a scroll of amnesia {unknown}
 h - 5 scrolls of identify {unknown}
Potions
 d - 2 potions of mutation {unknown}
 g - 2 potions of cancellation {unknown}
 j - a potion of stabbing {unknown}


   Skills:
 - Level 1.0 Fighting
 - Level 1.5 Dodging
 + Level 3.6 Unarmed Combat
 - Level 2.0 Spellcasting
 * Level 3.5 Transmutations
 * Level 1.7 Poison Magic


You had 3 spell levels left.
You knew the following spells:

 Your Spells              Type           Power        Failure   Level
a - Beastly Appendage     Tmut           ##....       6%          1
b - Spider Form           Tmut/Pois      #.........   26%         3

Your spell library contained the following spells:

 Spells                   Type           Power        Failure   Level
 Wereblood                Tmut           ##......     9%          2
 Ice Form                 Ice/Tmut       #.......     77%         4
 Blade Hands              Tmut           ##........   86%         5


Dungeon Overview and Level Annotations

Branches:
Dungeon (2/15)

Altars:
Qazlal


Innate Abilities, Weirdness & Mutations

You cannot wear boots.
Your serpentine skin is tough. (AC +1)
You have supernaturally acute eyesight. (SInv)
Armour fits poorly on your strangely shaped body.
Your system is resistant to poisons. (rPois)
You cover ground very slowly.
You can spit poison.


Message History

You hit the gnoll but do no damage.
The gnoll is poisoned.
The gnoll is moderately wounded.
You hit the gnoll.
The gnoll looks as sick as possible!
The gnoll is severely wounded.
The gnoll hits you with a +0 halberd!
* * * LOW HITPOINT WARNING * * *
You completely miss the gnoll.
The gnoll is almost dead.
You kill the gnoll!
You completely miss the gnoll. The gnoll misses you.
You barely miss the gnoll. The gnoll barely misses you.
You hit the gnoll.
The gnoll is poisoned.
The gnoll is lightly wounded.
Your transformation has ended.
Your +0 robe unmelds from your body.
The gnoll hits you.
* * * LOW HITPOINT WARNING * * *
You hit the gnoll. Your punch misses the gnoll.
The gnoll is heavily wounded.
The gnoll hits you!
You die...

### ############
... ...........#
#.. .........#.#
#.# ########.#.##
#.# #.#... #.#
########.#.#. #g#
............) # #@#
########..... #.
#.# #..... #.##.#
#..... #...(# ###
#..... ###>.# ..#
#..... #..#
#.####.#.. #..#
#.##......
#..#######.##.###..
###...........#.#
#..


You could see a gnoll (very poisoned).

Vanquished Creatures
  2 gnolls (D:2)
  2 adders (D:2)
  3 giant cockroaches (D:2)
  5 hobgoblins
  2 jackals (D:1)
  4 kobolds
  A ball python (D:2)
  6 bats
  3 frilled lizards
  4 goblins
  4 rats (D:2)
36 creatures vanquished.

Notes
Turn   | Place    | Note
-------+----------+-------------------------------------------
     0 | D:1      | kae the Naga Transmuter began the quest for the Orb.
     0 | D:1      | Reached XP level 1. HP: 18/18 MP: 3/3
   659 | D:1      | Reached XP level 2. HP: 25/25 MP: 3/5
  1194 | D:2      | Reached XP level 3. HP: 24/31 MP: 6/6
  1345 | D:2      | Learned a level 3 spell: Spider Form
  1715 | D:2      | Noticed an air elemental
  1998 | D:2      | Reached skill level 1 in Poison Magic
  2077 | D:2      | Noticed an earth elemental
  2079 | D:2      | Found a stormy altar of Qazlal.
  2119 | D:2      | Reached XP level 4. HP: 25/38 MP: 3/7
  2129 | D:2      | Slain by a gnoll

Illustrated notes

Levels and vault maps discovered:
D:1:      minmay_arrival_pointy, layout_loops_ring
D:2:      layout_loops_ring, nicolae_qazlal_style_of_elements,
          kennysheep_generic_room_6

Skill      XL: |  1  2  3 |
---------------+----------+-----
Transmutations | 3 |  3.5
Poison Magic   | 1 |  1.7
Fighting       | |  1.0
Dodging        | |  1.5
Unarmed Combat | |  3.6
Spellcasting   | |  2.0

Action                   |  1- 3 |  4- 6 || total
-------------------------+-------+-------++-------
Melee: Unarmed           |    55 |     9 ||    64
       Headbutt          |     3 |       ||     3
 Cast: Beastly Appendage |    28 |       ||    28
       Spider Form       |     1 |       ||     1
 Abil: Spit Poison       |    30 |       ||    30
Armor: Robe              |    31 |       ||    31
Dodge: Dodged            |    49 |     5 ||    54

Table legend: (Time is in decaauts)
 A = Elapsed time spent in this place.
 B = Non-inter-level travel time spent in this place.
 C = Inter-level travel time spent in this place.
 D = Time resting spent in this place.
 E = Time spent auto-exploring this place.
 F = Levels seen in this place.
 G = Mean time per level.
                   A        B        C        D        E       F      G
               +--------+--------+--------+--------+--------+-----+--------+
         Total |   2538 |   2453 |     85 |      0 |   2180 |   2 | 1269.0 |
       Dungeon |   2538 |   2453 |     85 |      0 |   2180 |   2 | 1269.0 |
               +--------+--------+--------+--------+--------+-----+--------+

Top non-repeatable levels by time:
     D:1: 1410 daAuts
     D:2: 1127 daAuts
